 Dungeon Crawl Stone Soup version 0.31.0-11-ge490571c62 (webtiles) character file.

Game seed: 13297588276434936400

222 jasper the Shield-Bearer (level 5, 0/46 HPs)
             Began as an Armataur Fighter on Feb 4, 2024.
             Was an Initiate of Makhleb.
             Slain by a water moccasin (1 damage)
             ... on level 4 of the Dungeon.
             The game lasted 00:04:12 (2613 turns).

jasper the Shield-Bearer (Armataur Fighter)         Turns: 2613, Time: 00:04:14

Health: 0/46       AC:  7    Str: 22    XL:     5   Next: 66%
Magic:  5/5        EV:  8    Int:  8    God:    Makhleb [......]
Gold:   206        SH:  6    Dex: 11    Spells: 2/4 levels left

rFire   + .          .
                       - Unarmed
rCold   + . .        b - +1 buckler
rNeg    . . .        n - +0 ring mail
rPois   +            d - +0 helmet
rElec   +            (no cloak)
rCorr   +            (no gloves)
SInv    .            (no barding)
Will    .....        (no amulet)
Stlth   +            (no ring)
HPRegen 0.27/turn    (no ring)
MPRegen 0.09/turn

%: roll
@: lethally poisoned (0 -> -15), resistant
A: large, deformed body, tough skin 3, armoured tail, roll 1
a: Renounce Religion


You were on level 4 of the Dungeon.
You worshipped Makhleb.
Makhleb was noncommittal.
You visited 1 branch of the dungeon, and saw 4 of its levels.

You collected 206 gold pieces.

Inventory:

Missiles
 k - 30 stones (quivered)
Armour
 a - a +0 scale mail
 b - a +1 buckler (worn)
 d - a +0 helmet (worn)
 n - a +0 ring mail (worn)
Jewellery
 j - an amulet of magic regeneration
Scrolls
 c - a scroll of enchant armour
 e - a scroll of blinking
 o - a scroll of silence
Potions
 m - a potion of degeneration {unknown}
 q - a potion of heal wounds {unknown}
 r - a potion of lignification {unknown}


   Skills:
 + Level 3.6 Fighting
 - Level 3.6 Armour
 + Level 4.5 Shields
 * Level 4.0 Unarmed Combat


You had 2 spell levels left.
You knew the following spells:

 Your Spells              Type           Power      Damage    Failure   Level
a - Blink                 Tloc           0%         N/A       77%         2

Your spell library contained the following spells:

 Spells                   Type           Power      Damage    Failure   Level
 Kiss of Death            Conj/Necr      0%         2d5       63%         1
 Magic Dart               Conj           0%         1d3       63%         1
 Call Imp                 Summ           0%         N/A       77%         2
 Confusing Touch          Hex            0%         N/A       94%         3
 Hailstorm                Conj/Ice       0%         3d5       94%         3
 Summon Ice Beast         Ice/Summ       0%         N/A       94%         3
 Tukima's Dance           Hex            0%         N/A       94%         3
 Dispel Undead            Necr           0%         3d6       100%        4
 Passage of Golubria      Tloc           0%         N/A       100%        4
 Yara's Violent Unravell  Hex/Alch       0%         3d3       100%        5
 Sculpt Simulacrum        Ice/Alch       0%         N/A       100%        6


Dungeon Overview and Level Annotations

Branches:
Dungeon (4/15)
 Temple: D:4-7

Altars:
Elyvilon
Makhleb
Yredelemnul

Annotations:
D:2 1 runed translucent door, Crazy Yiuf


Innate Abilities, Weirdness & Mutations

Armour fits poorly on your strangely shaped body.
You have extremely tough skin. (AC +3)
You have a long armoured tail.
You regenerate magic when rolling toward enemies. (Rampage MPRegen)


Message History

You punch the water moccasin!
The water moccasin is heavily wounded.
The water moccasin bites you.
You are poisoned.
The water moccasin poisons you! The water moccasin bites you.
You are more poisoned.
The water moccasin poisons you!
You miss the water moccasin.
The water moccasin is heavily wounded.
You feel extremely sick. You block the water moccasin's attack.
You barely miss the water moccasin.
The water moccasin is heavily wounded.
You feel very sick. The water moccasin barely misses you.
The water moccasin bites you.
You miss the water moccasin.
The water moccasin is heavily wounded.
You feel very sick. The water moccasin closely misses you.
It was a potion of curing.
You feel better. The water moccasin bites you.
You barely miss the water moccasin.
The water moccasin is heavily wounded.
The water moccasin bites you. x2
You are poisoned.
The water moccasin poisons you!
You hit the water moccasin.
The water moccasin is severely wounded.
You feel very sick. The water moccasin bites you!
* * * LOW HITPOINT WARNING * * *
You are more poisoned.
The water moccasin poisons you!
It was a potion of resistance.
You feel protected.
* * * LOW HITPOINT WARNING * * *
You feel very sick. The water moccasin bites you.
* * * LOW HITPOINT WARNING * * *
The water moccasin bites you.
You die...

#.#....# #.#.#..#
#########.#.#..#########
#.........#.#..#...S...#
#.####......#..#.#####.#
#.#.<#.##.#....#.# #.#
###.##...####.#.##.# #.#
.....>#### #.#.##.# #.#
....#.# #.#.@S.# #S#
#####.# #.###### #.# #.#
#.. #.# #.# ### #.# #.#
#+#


You could see a water moccasin.

Vanquished Creatures
  Sigmund (D:2)
  An adder (D:3)
  3 dart slugs
  A ribbon worm (D:2)
  4 ball pythons
  3 endoplasms
  3 giant cockroaches
  4 hobgoblins (D:1)
  2 jackals (D:1)
  8 kobolds
  A quokka (D:4)
  5 bats
  5 frilled lizards
  4 goblins
  6 rats
51 creatures vanquished.

Notes
Turn   | Place    | Note
-------+----------+-------------------------------------------
     0 | D:1      | jasper the Armataur Fighter began the quest for the Orb.
     0 | D:1      | Reached XP level 1. HP: 18/18 MP: 1/1
   119 | D:1      | Reached XP level 2. HP: 20/25 MP: 2/2
   651 | D:1      | Reached XP level 3. HP: 31/31 MP: 3/3
   972 | D:2      | Noticed Sigmund
   977 | D:2      | Killed Sigmund
   978 | D:2      | Reached XP level 4. HP: 36/38 MP: 4/4
   978 | D:2      | Reached XP level 5. HP: 43/45 MP: 5/5
  1111 | D:2      | Found a runed translucent door.
  1112 | D:2      | Noticed Crazy Yiuf
  1824 | D:3      | Found a burning altar of Makhleb.
  1825 | D:3      | Found a white marble altar of Elyvilon.
  1825 | D:3      | Found a basalt altar of Yredelemnul.
  1832 | D:3      | Became a worshipper of Makhleb the Destroyer
  2378 | D:3      | Learned a level 2 spell: Blink
  2485 | D:4      | Noticed an orc warrior
  2590 | D:4      | Noticed a water moccasin
  2613 | D:4      | HP: 1/46 [water moccasin (4)]
  2613 | D:4      | Slain by a water moccasin

Illustrated notes

Levels and vault maps discovered:
D:1:      reono_arrival_mine, layout_loops_ring, minivault_27,
          nicolae_concentric_dashed_squares_wild
D:2:      layout_loops_ring, uniq_crazy_yiuf_cottage, uniq_sigmund
D:3:      layout_basic, chequers_temple_overflow_statue_of_worship,
          serial_bayou_ford_a, chequers_serial_rivers_micro_d
D:4:      kennysheep_kobold_camp, layout_basic, cheibrodos_sewer_entry_sluice,
          nicolae_elemental_shop

Skill      XL: |  1  2  3  4  5 |
---------------+----------------+-----
Unarmed Combat | 2 3 4 |  4.0
Fighting       | 3 |  3.6
Shields        | 4 |  4.5
Armour         | |  3.6

Action                     |  1- 3 |  4- 6 || total
---------------------------+-------+-------++-------
  Melee: Unarmed           |    87 |    64 ||   151
         Tailslap          |    11 |     4 ||    15
    Use: Potion            |     1 |     2 ||     3
         Scroll            |       |     7 ||     7
 Armour: Scale mail        |    52 |       ||    52
         Ring mail         |     1 |    41 ||    42
  Dodge: Dodged            |    22 |    20 ||    42
  Block: Buckler           |    16 |    10 ||    26
